AA
WINNIPEG GOLDEYES @ MEDFORD ALOUETTES
07/29/2098
 
TOP OF THE 1ST
Washington Whalers batting - Pitching for Tucson Chameleons : RHP Shane Huff
Pitching: RHP Shane Huff
Batting: LHB Jeremy Littlefield 0-0: Fly out, F5 (Popup, 56S, EV 71.3 MPH)
Batting: LHB Danny Quinones 0-0: Ball
1-0: Called Strike
1-1: Ball
2-1: Ground out 5-3 (Groundball, 56, EV 91.9 MPH)
Batting: LHB Danny Ramirez 0-0: Called Strike
0-1: Fly out, F7 (Flyball, 7, EV 97.5 MPH)
Top of the 1st over - 0 runs, 0 hits, 0 errors, 0 left on base; Washington 0 - Tucson 0
BOTTOM OF THE 1ST
Tucson Chameleons batting - Pitching for Washington Whalers : RHP Tommy Diamond
Pitching: RHP Tommy Diamond
Batting: LHB Justin Sroka 0-0: Called Strike
0-1: Swinging Strike
0-2: Ball
1-2: Strikes out swinging, 2-3 out at first.
Batting: RHB Adam Arenella 0-0: Ball
1-0: Ball
2-0: Called Strike
2-1: Ball
3-1: Fly out, F3 (Popup, 3SF, EV 69.4 MPH)
Batting: RHB Mario Robles 0-0: Swinging Strike
0-1: Ball
1-1: Fly out, F9 (Flyball, 9LSF, EV 90.6 MPH)
Bottom of the 1st over - 0 runs, 0 hits, 0 errors, 0 left on base; Washington 0 - Tucson 0
TOP OF THE 2ND
Washington Whalers batting - Pitching for Tucson Chameleons : RHP Shane Huff
Batting: RHB Gerardo Rubio 0-0: Ball
1-0: Foul Ball, location: 5DF
1-1: Ball
2-1: Ball
3-1: Called Strike
3-2: Strikes out swinging
Batting: LHB Justin Roster 0-0: Foul Ball, location: 3F
0-1: Swinging Strike
0-2: Foul Ball, location: 2F
0-2: Ball
1-2: Ball
2-2: Ball
3-2: Ground out U3 (Groundball, 3, EV 88.1 MPH)
Batting: SHB Gilberto Contreras 0-0: Ground out 4-3 (Groundball, 34D, EV 100.6 MPH)
Top of the 2nd over - 0 runs, 0 hits, 0 errors, 0 left on base; Washington 0 - Tucson 0
BOTTOM OF THE 2ND
Tucson Chameleons batting - Pitching for Washington Whalers : RHP Tommy Diamond
Batting: RHB Jason Gould 0-0: Foul Ball, location: 2F
0-1: Ball
1-1: Swinging Strike
1-2: Ball
2-2: Foul Ball, location: 7LDF
2-2: SINGLE (Flyball, 34D, EV 90.0 MPH)
Batting: RHB Jordan Hayes 0-0: Fly out, F8 (Line Drive, 8LD, EV 86.3 MPH)
Batting: RHB Tommy Rohr 0-0: Ball
1-0: Foul Ball, location: 2F
1-1: Fly out, F9 (Line Drive, 9LS, EV 91.3 MPH)
Batting: RHB Jose Enriquez 0-0: Ball
1-0: Ball
2-0: Swinging Strike
2-1: Foul Ball, location: 2F
2-2: Strikes out swinging
Bottom of the 2nd over - 0 runs, 1 hit, 0 errors, 1 left on base; Washington 0 - Tucson 0
TOP OF THE 3RD
Washington Whalers batting - Pitching for Tucson Chameleons : RHP Shane Huff
Batting: LHB Josh Van Meter 0-0: Called Strike
0-1: Ball
1-1: Ball
2-1: Ball
3-1: Called Strike
3-2: SINGLE (Line Drive, 4D, EV 95.0 MPH)
Batting: RHB Alex Alejandro 0-0: Sac Bunt to P - play at first, batter OUT! 1-3
Josh Van Meter to second
Batting: RHB Jorge Manzo 0-0: Fly out, F4 (Popup, 3D, EV 44.4 MPH)
Batting: LHB Jeremy Littlefield 0-0: Swinging Strike
0-1: Swinging Strike
0-2: Strikes out swinging
Top of the 3rd over - 0 runs, 1 hit, 0 errors, 1 left on base; Washington 0 - Tucson 0
BOTTOM OF THE 3RD
Tucson Chameleons batting - Pitching for Washington Whalers : RHP Tommy Diamond
Batting: RHB Marco Goudie 0-0: Called Strike
0-1: Fly out, F8 (Flyball, 89M, EV 84.4 MPH)
Batting: RHB Izzy Mina 0-0: Ball
1-0: Ball
2-0: Ball
3-0: Base on Balls
Batting: LHB Justin Sroka 0-0: SINGLE (Groundball, 4MD, EV 101.9 MPH)
Izzy Mina to second
Batting: RHB Adam Arenella 0-0: Foul Ball, location: 2F
0-1: Ball
1-1: Fly out, F7 (Flyball, 8LS, EV 93.8 MPH)
Batting: RHB Mario Robles 0-0: Ball
1-0: Ground out 5-3 (Groundball, 56S, EV 70.6 MPH)
Bottom of the 3rd over - 0 runs, 1 hit, 0 errors, 2 left on base; Washington 0 - Tucson 0
TOP OF THE 4TH
Washington Whalers batting - Pitching for Tucson Chameleons : RHP Shane Huff
Batting: LHB Danny Quinones 0-0: Called Strike
0-1: Ball
1-1: Ball
2-1: Ground out 4-3 (Groundball, 4, EV 92.5 MPH)
Batting: LHB Danny Ramirez 0-0: Called Strike
0-1: Ball
1-1: Swinging Strike
1-2: Strikes out swinging
Batting: RHB Gerardo Rubio 0-0: Foul Ball, location: 2F
0-1: Swinging Strike
0-2: Ball
1-2: Fly out, F8 (Line Drive, 89M, EV 101.9 MPH)
Top of the 4th over - 0 runs, 0 hits, 0 errors, 0 left on base; Washington 0 - Tucson 0
BOTTOM OF THE 4TH
Tucson Chameleons batting - Pitching for Washington Whalers : RHP Tommy Diamond
Batting: RHB Jason Gould 0-0: Foul Ball, location: 2F
0-1: Swinging Strike
0-2: Foul Ball, location: 5F
0-2: Foul Ball, location: 2F
0-2: Foul Ball, location: 25F
0-2: Strikes out swinging
Batting: RHB Jordan Hayes 0-0: Ball
1-0: SINGLE (Groundball, 4MD, EV 104.4 MPH)
Batting: RHB Tommy Rohr 0-0: Ball
1-0: Ball
2-0: Foul Ball, location: 2LF
2-1: Ball
3-1: Foul Ball, location: 23F
3-2: Grounds into double play, 5-4-3 (Groundball, 56S, EV 85.6 MPH)
Bottom of the 4th over - 0 runs, 1 hit, 0 errors, 0 left on base; Washington 0 - Tucson 0
TOP OF THE 5TH
Washington Whalers batting - Pitching for Tucson Chameleons : RHP Shane Huff
Batting: LHB Justin Roster 0-0: Foul Ball, location: 7LMF
0-1: Swinging Strike
0-2: Ball
1-2: Foul Ball, location: 7LSF
1-2: Ball
2-2: Foul Ball, location: 7LMF
2-2: Fly out, F8 (Line Drive, 8RM, EV 86.3 MPH)
Batting: SHB Gilberto Contreras 0-0: Reached on error, E4 (Groundball, 4, EV 81.3 MPH)
Batting: LHB Josh Van Meter 0-0: Fielders Choice at 2nd, 4-6 (Groundball, 34S, EV 77.5 MPH)
Batting: RHB Alex Alejandro 0-0: Ball
1-0: Ball
2-0: SINGLE (Line Drive, 8RS, EV 93.1 MPH)
Josh Van Meter to second
Runner from 2nd tries for 3rd, SAFE, no throw by CF
Batting: RHB Jorge Manzo 0-0: Foul Ball, location: 2F
0-1: Foul Ball, location: 2RF
0-2: Strikes out swinging
Top of the 5th over - 0 runs, 1 hit, 1 error, 2 left on base; Washington 0 - Tucson 0
BOTTOM OF THE 5TH
Tucson Chameleons batting - Pitching for Washington Whalers : RHP Tommy Diamond
Batting: RHB Jose Enriquez 0-0: DOUBLE (Flyball, 8LXD, EV 100.0 MPH)
Batting: RHB Marco Goudie 0-0: Called Strike
0-1: Ball
1-1: Called Strike
1-2: Ball
2-2: Foul Ball, location: 2F
2-2: Ground out 3-1 (Groundball, 34S, EV 79.4 MPH)
Jose Enriquez to third
Batting: RHB Izzy Mina 0-0: Ball
1-0: Reached on error, E3 (Groundball, 34, EV 105.0 MPH)
Batting: LHB Justin Sroka 0-0: Ball
1-0: Foul Ball, location: 2F
1-1: Ball
2-1: Ball
3-1: DOUBLE (Line Drive, 7LS, EV 94.4 MPH)
Jose Enriquez scores
Izzy Mina to third
Batting: RHB Adam Arenella 0-0: Called Strike
0-1: Ball
1-1: Ball
2-1: Called Strike
2-2: Foul Ball, location: 9LDF
2-2: Fielders Choice at home, 4-2 (Groundball, 4, EV 104.4 MPH)
Justin Sroka to third
Batting: RHB Mario Robles 0-0: Ball
1-0: Called Strike
1-1: Ball
2-1: Ball
3-1: Foul Ball, location: 2F
3-2: Base on Balls
Adam Arenella to second
Batting: RHB Jason Gould 0-0: Called Strike
0-1: Ball
1-1: Foul Ball, location: 23F
1-2: Ball
2-2: Strikes out swinging
Bottom of the 5th over - 1 run, 2 hits, 1 error, 3 left on base; Washington 0 - Tucson 1
TOP OF THE 6TH
Washington Whalers batting - Pitching for Tucson Chameleons : RHP Shane Huff
Batting: LHB Jeremy Littlefield 0-0: Ball
1-0: SINGLE (Groundball, 4MD, EV 108.1 MPH)
Batting: LHB Danny Quinones 0-0: Foul Ball, location: 5F
0-1: SINGLE (Line Drive, 78S, EV 91.9 MPH)
Jeremy Littlefield to second
Batting: LHB Danny Ramirez 0-0: Ground out 4-3 (Groundball, 4MS, EV 70.0 MPH)
Jeremy Littlefield to third
Danny Quinones to second
Batting: RHB Gerardo Rubio 0-0: Fly out, F6 (Popup, 6MS, EV 71.3 MPH)
Batting: LHB Justin Roster 0-0: Ball
1-0: Ball
2-0: Ball
3-0: Base on Balls
Batting: SHB Gilberto Contreras 0-0: SINGLE (Line Drive, 4M, EV 100.0 MPH)
Jeremy Littlefield scores
Danny Quinones to third
Justin Roster to second
Runner from 3rd tries for Home, SAFE, throw by CF to home
Batting: LHB Josh Van Meter 0-0: Ball
1-0: Ball
2-0: Called Strike
2-1: Fly out, F7 (Flyball, 78M, EV 96.3 MPH)
Top of the 6th over - 2 runs, 3 hits, 0 errors, 2 left on base; Washington 2 - Tucson 1
BOTTOM OF THE 6TH
Tucson Chameleons batting - Pitching for Washington Whalers : RHP Tommy Diamond
Batting: RHB Jordan Hayes 0-0: Ground out 4-3 (Groundball, 4, EV 105.6 MPH)
Batting: RHB Tommy Rohr 0-0: Swinging Strike
0-1: Ball
1-1: Foul Ball, location: 23F
1-2: Foul Ball, location: 2F
1-2: Foul Ball, location: 5SF
1-2: Strikes out looking
Batting: RHB Jose Enriquez 0-0: Foul Ball, location: 5F
0-1: Swinging Strike
0-2: Ball
1-2: Strikes out swinging
Bottom of the 6th over - 0 runs, 0 hits, 0 errors, 0 left on base; Washington 2 - Tucson 1
TOP OF THE 7TH
Washington Whalers batting - Pitching for Tucson Chameleons : RHP Shane Huff
Batting: RHB Alex Alejandro 0-0: Ball
1-0: Ground out 6-3 (Groundball, 6M, EV 92.5 MPH)
Batting: RHB Jorge Manzo 0-0: Ball
1-0: Called Strike
1-1: Ball
2-1: Ground out 4-3 (Groundball, 4, EV 86.3 MPH)
Batting: LHB Jeremy Littlefield 0-0: Ball
1-0: Ball
2-0: Ground out 6-3 (Groundball, 56, EV 103.1 MPH)
Top of the 7th over - 0 runs, 0 hits, 0 errors, 0 left on base; Washington 2 - Tucson 1
BOTTOM OF THE 7TH
Tucson Chameleons batting - Pitching for Washington Whalers : RHP Tommy Diamond
Batting: RHB Marco Goudie 0-0: Ball
1-0: Swinging Strike
1-1: Ball
2-1: SINGLE (Groundball, 34D, EV 104.4 MPH)
Pinch Hitting: SHB Adam Cogley 0-0: Foul Ball, location: 2F
0-1: Ball
1-1: Called Strike
Marco Goudie steals 2nd base
1-2: Strikes out swinging
Batting: LHB Justin Sroka 0-0: Ball
1-0: Foul Ball, location: 2F
1-1: Swinging Strike
1-2: Strikes out swinging
Pinch Hitting: SHB Alan Lerner 0-0: Ball
1-0: Ball
2-0: Fly out, F7 (Flyball, 7, EV 86.3 MPH)
Bottom of the 7th over - 0 runs, 1 hit, 0 errors, 1 left on base; Washington 2 - Tucson 1
TOP OF THE 8TH
Washington Whalers batting - Pitching for Tucson Chameleons : RHP Shane Huff
Now at 2B: Mike Ramaker
Now at SS: Jose Enriquez
Now in RF: Adam Cogley
Batting: LHB Danny Quinones 0-0: Foul Ball, location: 7LMF
0-1: Ball
1-1: Foul Ball, location: 5SF
1-2: Foul Ball, location: 2F
1-2: Foul Ball, location: 2LF
1-2: Ball
2-2: Foul Ball, location: 25FF
2-2: Foul Ball, location: 25F
2-2: Ball
3-2: SOLO HOME RUN (Flyball, 9D, EV 95.6 MPH), Distance : 374 ft
Pitching: RHP Robert Johnson
Batting: LHB Danny Ramirez 0-0: Ball
1-0: Called Strike
1-1: Swinging Strike
1-2: Strikes out swinging
Batting: RHB Gerardo Rubio 0-0: Ground out 4-3 (Groundball, 4, EV 87.5 MPH)
Batting: LHB Justin Roster 0-0: Called Strike
0-1: Called Strike
0-2: Ball
1-2: Strikes out swinging
Top of the 8th over - 1 run, 1 hit, 0 errors, 0 left on base; Washington 3 - Tucson 1
BOTTOM OF THE 8TH
Tucson Chameleons batting - Pitching for Washington Whalers : RHP Tommy Diamond
Pitching: RHP Manny Alzamora
Batting: RHB Mario Robles 0-0: Ball
1-0: Ball
2-0: SINGLE (Groundball, 56D, EV 95.0 MPH)
Batting: RHB Jason Gould 0-0: Swinging Strike
0-1: Ball
1-1: Foul Ball, location: 9LSF
1-2: Ball
2-2: Strikes out swinging
Batting: RHB Jordan Hayes 0-0: SINGLE (Line Drive, 89S, EV 103.1 MPH)
Mario Robles to second
Batting: RHB Tommy Rohr 0-0: Called Strike
0-1: Ball
1-1: Swinging Strike
1-2: Strikes out swinging
Batting: RHB Jose Enriquez 0-0: Ball
1-0: Swinging Strike
1-1: Ball
2-1: SINGLE (Line Drive, 8LS, EV 96.3 MPH)
Mario Robles to third
Jordan Hayes to second
Batting: RHB Marco Goudie 0-0: Ball
1-0: Ball
2-0: Called Strike
2-1: Ball
3-1: GRAND SLAM HOME RUN (Flyball, 7LD, EV 95.6 MPH), Distance : 336 ft
Pitching: RHP Andres Ochoa
Batting: SHB Adam Cogley 0-0: Ball
1-0: Fly out, F9 (Line Drive, 9, EV 101.9 MPH)
Bottom of the 8th over - 4 runs, 4 hits, 0 errors, 0 left on base; Washington 3 - Tucson 5
TOP OF THE 9TH
Washington Whalers batting - Pitching for Tucson Chameleons : RHP Robert Johnson
Pitching: RHP Jon Ruiz
Batting: SHB Gilberto Contreras 0-0: Ball
1-0: Fly out, F6 (Popup, 6, EV 79.4 MPH)
Batting: LHB Josh Van Meter 0-0: Called Strike
0-1: Fly out, F7 (Flyball, 7S, EV 94.4 MPH)
Pinch Hitting: SHB Randy Sellick 0-0: Called Strike
0-1: Swinging Strike
0-2: Strikes out looking
Top of the 9th over - 0 runs, 0 hits, 0 errors, 0 left on base; Washington 3 - Tucson 5
Thursday, April 11th , 2024 - OOTP Baseball 24.11 Build 85